 Dungeon Crawl Stone Soup version 0.24-a0-189-g5d897e9104 (webtiles) character file.

Game seed: 1053693265666634310

21 MrRokkomies the Sneak (level 2, -1/19 HPs)
             Began as an Octopode Assassin on Mar 16, 2019.
             Slain by a dart slug (3 damage)
             ... on level 1 of the Dungeon.
             The game lasted 00:01:53 (298 turns).

MrRokkomies the Sneak (Octopode Assassin)            Turns: 298, Time: 00:01:53

Health: -1/19      AC:  1    Str: 10    XL:     2   Next: 87%
Magic:  2/2        EV: 13    Int: 13    God:
Gold:   0          SH:  0    Dex: 13    Spells: 1/1 levels left

rFire    . . .     SeeInvis .   a - +2 dagger
rCold    . . .     Gourm    .   (no shield)
rNeg     . . .     Faith    .   (helmet restricted)
rPois    .         Spirit   .   (no amulet)
rElec    .         Reflect  .   (no ring)
rCorr    .         Harm     .   (no ring)
MR       .....                  (no ring)
Stlth    +++++.....             (no ring)
HPRegen  0.06/turn              (no ring)
MPRegen  0.08/turn              (no ring)
                                (no ring)
                                (no ring)

@: no status effects
A: almost no armour, stealthy swim, amphibious, 8 rings, constrict 8, camouflage
1, gelatinous body 1
a: no special abilities


You were on level 1 of the Dungeon.
You were not hungry.

You visited 1 branch of the dungeon, and saw 1 of its levels.

Inventory:

Hand Weapons
 a - a +2 dagger (weapon)
 b - a +0 blowgun
Missiles
 c - 8 poisoned needles
 d - 2 curare-tipped needles
 i - 2 stones (quivered)
Scrolls
 g - a scroll of remove curse {unknown}
 h - a scroll of identify {unknown}
Potions
 e - a potion of haste {unknown}
Comestibles
 f - a ration


   Skills:
 - Level 2.0 Fighting
 - Level 2.0 Short Blades
 * Level 2.5 Throwing
 * Level 1.8 Dodging
 + Level 5.5 Stealth


You had one spell level left.
You didn't know any spells.
Your spell library was empty.

Dungeon Overview and Level Annotations

Branches:
Dungeon (1/15)

Altars:


Innate Abilities, Weirdness & Mutations

You cannot wear most types of armour.
You are very stealthy in the water. (Stealth+)
You are amphibious.
You can wear up to eight rings at the same time.
You can use your tentacles to constrict eight enemies at once.
Your skin changes colour to match your surroundings (Stealth+).
Your rubbery body absorbs attacks. (AC +1, EV +1)


Message History

The frilled lizard closely misses you.
The rat splashes around in the water.
You closely miss the frilled lizard. Your grab misses the frilled lizard.
The frilled lizard misses you.
The rat splashes around in the water.
You hit the frilled lizard.
You kill the frilled lizard!
The rat bites you.
* * * LOW HITPOINT WARNING * * *
You closely miss the rat. You grab the rat.
You squeeze the rat, but do no damage. You constrict the rat.
The dart slug bites you.
* * * LOW HITPOINT WARNING * * *
You hit the dart slug. You grab the dart slug. You squeeze the dart slug.
The dart slug is moderately wounded.
You constrict the dart slug. You constrict the rat.
You kill the rat!
You hit the dart slug.
You squeeze the dart slug, but do no damage.
The dart slug is heavily wounded.
You constrict the dart slug. The dart slug bites you.
You die...

.≈≈≈.≈ #. ≈≈.≈≈ #.≈
7≈.≈7 ≈≈ ...≈ 7≈.≈7 ≈≈l
#>.≈777≈.≈777≈.≈
#.≈≈≈≈≈≈.≈≈≈≈≈.≈
..≈≈≈.w††≈≈≈.≈≈
...≈≈≈≈@†≈≈≈≈≈!≈≈
...≈777≈≈≈777≈.≈7 .≈ .
≈≈ 7≈.≈7 7≈≈≈7 ≈≈≈
#.≈777†≈≈777≈≈≈777≈≈≈77
.≈≈≈≈≈≈.≈≈≈≈≈≈≈≈≈≈≈.≈≈≈
#≈..≈≈≈≈≈.)≈.≈≈.≈≈≈≈.)≈
#≈≈≈≈≈≈.≈≈≈≈≈≈≈≈≈≈≈.≈≈≈
#≈≈777≈≈≈777≈.≈7 7≈.≈7
#.≈ 7≈≈≈7 7≈.≈7 7≈≈≈7


You could see a dart slug.

Vanquished Creatures
  2 ball pythons (D:1)
  5 bats (D:1)
  A goblin (D:1)
  A hobgoblin (D:1)
  3 jackals (D:1)
  3 kobolds (D:1)
  A frilled lizard (D:1)
  3 rats (D:1)
19 creatures vanquished.

Notes
Turn   | Place    | Note
-------+----------+-------------------------------------------
     0 | D:1      | MrRokkomies the Octopode Assassin began the quest for the
                  | Orb.
     0 | D:1      | Reached XP level 1. HP: 14/14 MP: 1/1
    94 | D:1      | Reached XP level 2. HP: 17/19 MP: 2/2
   298 | D:1      | Slain by a dart slug

Levels and vault maps discovered:
D:1:      dpeg_arrival_short_road, layout_basic, kennysheep_boxes

Action                   || total
-------------------------++-------
Melee: Dagger            ||    35
       Constrict         ||     6
       Tentacles         ||     4
 Stab: Sleeping          ||     3
Armor: Skin              ||     4
Dodge: Dodged            ||    29

Table legend:
 A = Non-vault XP
 B = Vault XP
 C = Vault XP percentage of total XP
 D = Non-vault monster count
 E = Vault monster count
 F = Vault count percentage of total count
                 A         B        C        D         E       F
            +---------+---------+-------+---------+---------+-------
      Total |      31 |       0 |   0.0 |      19 |       0 |   0.0
            +---------+---------+-------+---------+---------+-------
        D:1 |      31 |       0 |   0.0 |      19 |       0 |   0.0
            +---------+---------+-------+---------+---------+-------
